 Dungeon Crawl Stone Soup version 0.28.0-45-g0d030f2227 (webtiles) character file.

Game seed: 8241885108995313820

5384 DearestLeader the Blocker (level 10, -1/82 HPs)
             Began as a Gnoll Fighter on Apr 13, 2022.
             Was a Believer of Okawaru.
             Slain by a killer bee zombie (3 damage)
             ... summoned by a centaur
             ... on level 9 of the Dungeon.
             The game lasted 00:16:09 (10878 turns).

DearestLeader the Blocker (Gnoll Fighter)          Turns: 10878, Time: 00:16:10

Health: -1/82      AC: 13    Str: 22    XL:     10   Next: 66%
Magic:  27/27      EV: 13    Int:  8    God:    Okawaru [**....]
Gold:   571        SH:  6    Dex: 11    Spells: 20/20 levels left

rFire   . . .      SeeInvis .   B - +2 hand axe of Infection {speed, rElec rF- Will+ MP+9}
rCold   . . .      Faith    .   c - +0 buckler
rNeg    . . .      Spirit   .   M - +1 steam dragon scales
rPois   .          Reflect  .   (no helmet)
rElec   +          Harm     .   e - +0 cloak
rCorr   .          Rampage  .   (no gloves)
Will    ++...                   (no boots)
Stlth   +++.......              (no amulet)
HPRegen 0.23/turn               y - ring of willpower
MPRegen 0.20/turn               x - +4 ring of protection

@: lethally poisoned (-1 -> -22)
A: fangs 1, strong nose, distributed training, fire resistance 1, strong 1, wild
magic 1
a: Renounce Religion, Heroism


You were on level 9 of the Dungeon.
You worshipped Okawaru.
Okawaru was pleased with you.
You visited 2 branches of the dungeon, and saw 10 of its levels.
You also visited: Sewer.

You collected 571 gold pieces.

Inventory:

Hand Weapons
 a - a +0 war axe
 u - a +4 flail of draining
 B - the +2 hand axe of Infection (weapon) {speed, rElec rF- Will+ MP+9}
   (You found it on level 4 of the Dungeon)

   Attacks with this weapon are significantly faster.
   rF:        It makes you vulnerable to fire.
   rElec:     It insulates you from electricity.
   MP:        It affects your magic capacity (+9).
   Will:      It increases your willpower.
 I - a +2 vorpal shortbow
Missiles
 m - 4 throwing nets (quivered)
 J - 39 arrows
 R - 6 silver javelins
Armour
 b - a +0 scale mail
 c - a +0 buckler (worn)
 e - a +0 cloak (worn)
 k - a +0 plate armour
 D - a scarf of invisibility
 M - +1 steam dragon scales (worn)
Jewellery
 d - a +4 ring of evasion
 f - a ring of resist corrosion
 x - a +4 ring of protection (right hand)
 y - a ring of willpower (left hand)
 N - an amulet of the acrobat
Wands
 l - a wand of flame (21)
 t - a wand of polymorph (8)
 w - a wand of iceblast (6)
 E - a wand of acid (15)
Scrolls
 q - a scroll of torment
 r - 5 scrolls of teleportation
 s - a scroll of fear
 z - a scroll of blinking
 C - a scroll of vulnerability
 H - a scroll of magic mapping
 L - a scroll of amnesia {unknown}
 O - 4 scrolls of identify
 P - a scroll of enchant armour {unknown}
 Q - a scroll of noise {unknown}
Potions
 h - 4 potions of haste
 i - 2 potions of curing
 j - 5 potions of lignification
 n - a potion of mutation
 o - a potion of attraction {unknown}
 p - a potion of magic {unknown}
 v - a potion of ambrosia {unknown}
 A - a potion of cancellation {unknown}
 F - 2 potions of degeneration
 G - a potion of resistance {unknown}
 K - a potion of brilliance {unknown}


   Skills:
 + Level 8.6 Fighting
 + Level 5.5 Short Blades
 + Level 5.5 Long Blades
 + Level 7.2 Axes
 + Level 5.5 Maces & Flails
 + Level 5.5 Polearms
 + Level 5.5 Staves
 + Level 5.5 Slings
 + Level 5.5 Bows
 + Level 5.5 Crossbows
 + Level 5.5 Throwing
 + Level 8.6 Armour
 + Level 5.5 Dodging
 + Level 5.5 Stealth
 + Level 8.6 Shields
 + Level 5.5 Unarmed Combat
 + Level 5.5 Spellcasting
 + Level 4.5 Conjurations
 + Level 4.5 Hexes
 + Level 4.5 Summonings
 + Level 4.5 Necromancy
 + Level 4.5 Translocations
 + Level 4.5 Transmutations
 + Level 4.5 Fire Magic
 + Level 4.5 Ice Magic
 + Level 4.5 Air Magic
 + Level 4.5 Earth Magic
 + Level 4.5 Poison Magic
 + Level 6.0 Invocations
 + Level 5.5 Evocations


You had 20 spell levels left.
You didn't know any spells.
Your spell library contained the following spells:

 Spells                   Type           Power      Damage    Failure   Level
 Ensorcelled Hibernation  Hex/Ice        24%        N/A       11%         2
 Passwall                 Tmut/Erth      10%        N/A       11%         2
 Swiftness                Air            12%        N/A       21%         3
 Eringya's Noxious Bog    Tmut/Pois      6%         N/A       100%        6
 Summon Forest            Summ/Tloc      Unusable   N/A       N/A         5
 Summon Hydra             Summ           Unusable   N/A       N/A         7

Dungeon Overview and Level Annotations

Branches:
Dungeon (9/15)             Temple (1/1) D:4           Sewer (visited)
   Lair: D:8-11         Orc: D:9-12

Altars:
Cheibriados
Dithmenos
Gozag
Hepliaklqana
Kikubaaqudgha
Makhleb
Nemelex Xobeh
Okawaru
Qazlal
Trog
Uskayaw
Yredelemnul
Zin

Shops:
D:5 [


Innate Abilities, Weirdness & Mutations

You have very sharp teeth.
Your uncanny sense of smell can sniff out nearby items.
Your experience applies equally to all skills.
Your flesh is heat resistant. (rF+)
Your muscles are strong. (Str +2)
Your spells are a little harder to cast, but a little more powerful.


Message History

It begins to drip with poison!
The centaur hits the plant with a +2 rapier of venom!
The plant is poisoned.
The centaur kicks the plant.
The komodo dragon bites you!
You hit the komodo dragon but do no damage.
The komodo dragon is almost dead.
You hit the centaur. You slash the plant!
A nearby plant withers and dies.
The centaur hits you. The centaur barely misses you.
You block the komodo dragon's attack.
You hit the komodo dragon but do no damage.
The komodo dragon is almost dead.
You hit the centaur. You barely miss the centaur.
The centaur barely misses you. The centaur closely misses you.
The centaur hits you but does no damage.
You are poisoned.
The centaur barely misses you.
The centaur hits you but does no damage.
The centaur barely misses you.
You hit the centaur.
The centaur is lightly wounded.
You hit the centaur.
You hit the komodo dragon but do no damage.
You feel sick. The centaur barely misses you.
The centaur kicks you but does no damage.
The komodo dragon misses you.
The centaur hits you but does no damage.
The centaur kicks you but does no damage.
The killer bee zombie misses you.
You hit the komodo dragon but do no damage.
The komodo dragon is almost dead.
You slash the centaur! You closely miss the killer bee zombie.
You hit the centaur.
You feel sick.
The centaur hits you with a +2 rapier of venom!
* * * LOW HITPOINT WARNING * * *
You are more poisoned.
The centaur kicks you but does no damage.
The komodo dragon bites you!!
* * * LOW HITPOINT WARNING * * *
The killer bee zombie hits you.
You die...

P.. P..# ..# ###.####
# ###....[.### #
##.....P.P..## #
#...P.S......# #
##P.P.clc.....## #
#......@Z.PP...### #
#.P...####........ ###
##.....# #......## .<#
#..P...# ∆#.....## ###
#...P..#+##.....# #
##....P.....P.P..# #
#...P..P........## #
######†#..........P..#
#......#........P...##


You could see a komodo dragon, a water moccasin (summoned), 2 centaurs and a
killer bee zombie (summoned).

Vanquished Creatures
  Harold (D:7)
  A two-headed ogre (D:9)
  Maggie (D:6)
  Psyche (D:7)
  A troll (D:5)
  Grinder (D:3)
  A yak (D:9)
  A steam dragon (D:7)
  Edmund (D:4)
  A water moccasin (D:7)
  An acid dragon (D:8)
  A sky beast (D:8)
  A hornet zombie (D:7)
  4 orc warriors
  A black bear (D:9)
  2 ogres
  A necrophage (D:5)
  2 centaurs
  A kobold brigand (Sewer)
  A bullfrog (D:7)
  A gnoll sergeant (D:9)
  2 wyvern zombies (D:6)
  A scorpion (D:9)
  A water moccasin zombie (D:6)
  A water moccasin skeleton (D:6)
  2 centaur zombies (D:7)
  2 bullfrog skeletons (D:7)
  2 jellies
  2 orc priests
  A bullfrog zombie (D:7)
  2 quasits (Sewer)
  Crazy Yiuf (D:4)
  3 hounds
  Jessica (D:3)
  2 iguanas (D:5)
  6 orc wizards
  A killer bee zombie (D:6)
  A hound zombie (D:5)
  2 howler monkey zombies
  9 gnolls
  10 adders
  4 shadow imps
  4 ufetubi
  An adder skeleton (D:4)
  A worm (D:2)
  20 orcs
  9 ball pythons
  A bat zombie (Sewer)
  6 endoplasms
  3 giant cockroaches (D:3)
  3 goblins
  4 hobgoblins
  2 jackals (D:1)
  21 kobolds
  2 quokkas (D:3)
  3 bats
  3 frilled lizards
  A kobold zombie (Sewer)
  5 rats
171 creatures vanquished.

Vanquished Creatures (others)
  A jelly (D:7)
  An ufetubus (D:6)
  A bush (D:9)
  7 fungi (D:9)
  11 plants (D:9)
21 creatures vanquished.

Grand Total: 192 creatures vanquished

Notes
Turn   | Place    | Note
-------+----------+-------------------------------------------
     0 | D:1      | DearestLeader the Gnoll Fighter began the quest for the
                  | Orb.
     0 | D:1      | Reached XP level 1. HP: 23/23 MP: 1/1
   284 | D:1      | Reached XP level 2. HP: 29/29 MP: 2/2
   907 | D:2      | Reached XP level 3. HP: 35/35 MP: 3/3
   951 | D:2      | Reached skill level 1 in Invocations
  1466 | D:3      | Noticed Grinder
  1479 | D:3      | Killed Grinder
  1480 | D:3      | Reached skill level 1 in Short Blades
  1480 | D:3      | Reached skill level 1 in Long Blades
  1480 | D:3      | Reached skill level 1 in Maces & Flails
  1480 | D:3      | Reached skill level 1 in Polearms
  1480 | D:3      | Reached skill level 1 in Staves
  1480 | D:3      | Reached skill level 1 in Slings
  1480 | D:3      | Reached skill level 1 in Bows
  1480 | D:3      | Reached skill level 1 in Crossbows
  1480 | D:3      | Reached skill level 1 in Throwing
  1480 | D:3      | Reached skill level 1 in Dodging
  1480 | D:3      | Reached skill level 1 in Stealth
  1480 | D:3      | Reached skill level 1 in Unarmed Combat
  1480 | D:3      | Reached skill level 1 in Spellcasting
  1480 | D:3      | Reached skill level 1 in Conjurations
  1480 | D:3      | Reached skill level 1 in Hexes
  1480 | D:3      | Reached skill level 1 in Summonings
  1480 | D:3      | Reached skill level 1 in Necromancy
  1480 | D:3      | Reached skill level 1 in Translocations
  1480 | D:3      | Reached skill level 1 in Transmutations
  1480 | D:3      | Reached skill level 1 in Fire Magic
  1480 | D:3      | Reached skill level 1 in Ice Magic
  1480 | D:3      | Reached skill level 1 in Air Magic
  1480 | D:3      | Reached skill level 1 in Earth Magic
  1480 | D:3      | Reached skill level 1 in Poison Magic
  1480 | D:3      | Reached skill level 1 in Evocations
  1480 | D:3      | Reached XP level 4. HP: 11/41 MP: 4/6
  1480 | D:3      | Reached XP level 5. HP: 13/47 MP: 4/7
  1480 | D:3      | Reached XP level 6. HP: 15/53 MP: 4/8
  1573 | D:3      | Found a glowing drain.
  1604 | D:3      | Reached skill level 5 in Axes
  1627 | Sewer    | Entered a sewer
  1987 | Sewer    | Found a burning altar of Makhleb.
  2284 | Sewer    | Reached XP level 7. HP: 54/59 MP: 10/10
  2551 | D:3      | Found a basalt altar of Yredelemnul.
  2563 | D:3      | Found a burning altar of Makhleb.
  2563 | D:3      | Noticed an Executioner
  2738 | D:3      | Noticed Jessica
  2746 | D:3      | Killed Jessica
  3162 | D:4      | Found a staircase to the Ecumenical Temple.
  3404 | Temple   | Entered the Ecumenical Temple
  3439 | Temple   | Became a worshipper of Warmaster Okawaru
  3459 | D:4      | Noticed Edmund
  3483 | D:4      | Killed Edmund
  3567 | D:4      | Found a shadowy altar of Dithmenos.
  3843 | D:4      | Found a stormy altar of Qazlal.
  4054 | D:4      | Identified the +2 hand axe of Infection {speed, rElec rF-
                  | Will+ MP+9}
  4358 | D:4      | Found a bloodstained altar of Trog.
  4359 | D:4      | Found a glowing silver altar of Zin.
  4515 | D:4      | Found a runed translucent door.
  4516 | D:4      | Noticed Crazy Yiuf
  4528 | D:4      | Killed Crazy Yiuf
  4743 | D:5      | Entered Level 5 of the Dungeon
  4859 | D:5      | Reached XP level 8. HP: 62/66 MP: 12/12
  4866 | D:5      | Noticed a troll
  4881 | D:5      | Killed a troll
  5559 | D:5      | Found Nezug's Antique Armour Shoppe.
  5692 | D:5      | Found a hide-covered altar of Uskayaw.
  6359 | D:6      | Reached * piety under Okawaru
  6560 | D:6      | Reached XP level 9. HP: 63/72 MP: 14/14
  6672 | D:6      | Noticed Maggie
  6701 | D:6      | Killed Maggie
  6977 | D:6      | Found a hazy altar of Hepliaklqana.
  7111 | D:7      | Found a snail-covered altar of Cheibriados.
  7183 | D:7      | Found an opulent altar of Gozag.
  7196 | D:7      | Noticed Harold
  7215 | D:7      | Killed Harold
  7216 | D:7      | Reached skill level 5 in Invocations
  7727 | D:7      | Reached ** piety under Okawaru
  8237 | D:7      | Reached XP level 10. HP: 80/80 MP: 17/17
  8332 | D:7      | Found a sparkling altar of Nemelex Xobeh.
  8734 | D:8      | Noticed Psyche
  8761 | D:8      | Found an ancient bone altar of Kikubaaqudgha.
  8796 | D:7      | Reached skill level 5 in Short Blades
  8796 | D:7      | Reached skill level 5 in Long Blades
  8796 | D:7      | Reached skill level 5 in Maces & Flails
  8796 | D:7      | Reached skill level 5 in Polearms
  8796 | D:7      | Reached skill level 5 in Staves
  8796 | D:7      | Reached skill level 5 in Slings
  8796 | D:7      | Reached skill level 5 in Bows
  8796 | D:7      | Reached skill level 5 in Crossbows
  8796 | D:7      | Reached skill level 5 in Throwing
  8796 | D:7      | Reached skill level 5 in Dodging
  8796 | D:7      | Reached skill level 5 in Stealth
  8796 | D:7      | Reached skill level 5 in Unarmed Combat
  8796 | D:7      | Reached skill level 5 in Spellcasting
  8796 | D:7      | Reached skill level 5 in Evocations
  8803 | D:7      | Gained mutation: Your spells are a little harder to cast,
                  | but a little more powerful. [potion of mutation]
  8803 | D:7      | Gained mutation: Your flesh is heat resistant. (rF+)
                  | [potion of mutation]
  8803 | D:7      | Gained mutation: Your muscles are strong. (Str +2) [potion
                  | of mutation]
  8813 | D:7      | Killed Psyche
 10634 | D:9      | Noticed a two-headed ogre
 10649 | D:9      | Killed a two-headed ogre
 10878 | D:9      | HP: 2/82 [komodo dragon (20)]
 10878 | D:9      | Slain by a killer bee zombie

Illustrated notes

Levels and vault maps discovered:
D:1:      minmay_arrival_cross, layout_basic
D:2:      layout_rooms, minmay_tetromino_s4
D:3:      layout_loops_ring, makhleb_altar_promises_db,
          yredelemnul_altar_generic, gup_sewer_entry_glass, uniq_jessica,
          uniq_grinder
D:4:      layout_gridville, minitemple, kennysheep_little_box,
          grunt_qazlal_sundering, temple_doors_e, serial_bayou_crossing,
          uniq_edmund, uniq_crazy_yiuf_cottage
D:5:      layout_layer_cave, nicolae_uskayaw_suspiria, serial_shops,
          nicolae_lakefront_shop
D:6:      kennysheep_big_flooded_room, layout_basic,
          nicolae_hepliaklqana_hippocampus, uniq_maggie
D:7:      layout_gridville, lemuel_round_altar, lemuel_doored_altar,
          mainiacjoe_overflow_boulevard, uniq_harold
D:8:      layout_cave_pools, amcnicky_altar_gilded,
          hangedman_decor_diamond_cutter, nrook_uturn, uniq_psyche
D:9:      minmay_separated_statues, layout_basic, fedhas_bush_and_centaur_altar,
          grunt_lair_entry_orc_guard_hut, special_room [special_room_orc],
          grunt_ministairs_11
Temple:   nicolae_temple_figure_zero

Skill      XL: |  1  2  3  4  5  6  7  8  9 10 |
---------------+-------------------------------+-----
Invocations    | 2 3 4 5 6 |  6.0
Short Blades   | 1 2 3 4 5 |  5.5
Long Blades    | 1 2 3 4 5 |  5.5
Maces & Flails | 1 2 3 4 5 |  5.5
Polearms       | 1 2 3 4 5 |  5.5
Staves         | 1 2 3 4 5 |  5.5
Slings         | 1 2 3 4 5 |  5.5
Bows           | 1 2 3 4 5 |  5.5
Crossbows      | 1 2 3 4 5 |  5.5
Throwing       | 1 2 3 4 5 |  5.5
Dodging        | 1 2 3 4 5 |  5.5
Stealth        | 1 2 3 4 5 |  5.5
Unarmed Combat | 1 2 3 4 5 |  5.5
Spellcasting   | 1 2 3 4 5 |  5.5
Conjurations   | 1 2 3 4 |  4.5
Hexes          | 1 2 3 4 |  4.5
Summonings     | 1 2 3 4 |  4.5
Necromancy     | 1 2 3 4 |  4.5
Translocations | 1 2 3 4 |  4.5
Transmutations | 1 2 3 4 |  4.5
Fire Magic     | 1 2 3 4 |  4.5
Ice Magic      | 1 2 3 4 |  4.5
Air Magic      | 1 2 3 4 |  4.5
Earth Magic    | 1 2 3 4 |  4.5
Poison Magic   | 1 2 3 4 |  4.5
Evocations     | 1 2 3 4 5 |  5.5
Axes           | 5 6 7 |  7.2
Fighting       | 7 8 |  8.6
Armour         | 7 8 |  8.6
Shields        | 7 8 |  8.6

Action                   |  1- 3 |  4- 6 |  7- 9 | 10-12 || total
-------------------------+-------+-------+-------+-------++-------
Melee: War axe           |    68 |   124 |    72 |       ||   264
       Bite              |     5 |     9 |    53 |    30 ||    97
       Hand axe          |       |       |   328 |   220 ||   548
       Flail             |       |       |    24 |       ||    24
Throw: Dart              |       |     8 |     4 |     1 ||    13
Invok: Heroism           |       |       |     2 |     1 ||     3
Evoke: Wand              |       |       |     2 |     6 ||     8
  Use: Scroll            |     1 |       |     9 |       ||    10
       Potion            |     1 |       |     1 |     4 ||     6
 Stab: Sleeping          |       |       |     1 |     2 ||     3
Armor: Scale mail        |    13 |       |       |       ||    13
       Plate armour      |    21 |   194 |   133 |       ||   348
       Skin              |       |       |    15 |       ||    15
       Steam dragon scal |       |       |    37 |    63 ||   100
Dodge: Dodged            |    27 |    66 |   128 |   103 ||   324
Block: Buckler           |    17 |    62 |    83 |    46 ||   208
